 Dungeon Crawl Stone Soup version 0.19.1-1-g22dce08 (webtiles) character file.

43434 loralnil the Severer (level 14, -7/111 HPs)
             Began as a Formicid Fighter on Dec 28, 2016.
             Was the Champion of Okawaru.
             Mangled by a phantasmal warrior (21 damage)
             ... led by a death knight
             ... on level 14 of the Dungeon.
             The game lasted 00:33:46 (13904 turns).

loralnil the Severer (Formicid Fighter)            Turns: 13904, Time: 00:33:47

Health: -7/111     AC: 19    Str: 29    XL:     14   Next: 60%
Magic:  14/14      EV: 13    Int:  8    God:    Okawaru [******]
Gold:   925        SH: 27    Dex: 16    Spells: 0 memorised, 13 levels left

rFire  + . .     SeeInvis +     O - +8 executioner's axe (flame)
rCold  + . .     Gourm    .     Y - +5 scale mail of Hide-and-Seek {MR+ Int-3 Dex+6 SInv}
rNeg   + . .     Faith    .     S - +6 large shield "Yfupt" {rC+ rN+ Str+3 Int+3}
rPois  .         Spirit   .     (helmet unavailable)
rElec  .         Reflect  .     k - +0 cloak
rCorr  .         Harm     .     (no gloves)
MR     ++...                    A - +0 pair of boots {Stlth+}
Stlth  +.........               n - amulet of magic regeneration
                                b - ring of protection from fire
                                L - +3 ring of protection

@: lethally poisoned (-7 -> -12)
A: permanent stasis, dig shafts and tunnels, four strong arms, antennae 3
a: Dig, Shaft Self, Heroism, Finesse, Renounce Religion


You were on level 14 of the Dungeon.
You worshipped Okawaru.
Okawaru was exalted by your worship.
You were hungry.

You visited 1 branch of the dungeon, and saw 14 of its levels.
You also visited: Ossuary.

You collected 1065 gold pieces.
You spent 140 gold pieces at shops.

Inventory:

Hand Weapons
 c - a +1 battleaxe of electrocution
 O - a +8 executioner's axe of flaming (weapon)
 R - a +3 broad axe of freezing
Armour
 k - a +0 cloak (worn)
 A - a +0 pair of boots of stealth (worn)
 S - the +6 large shield "Yfupt" (worn) {rC+ rN+ Str+3 Int+3}
   (Okawaru gifted it to you on level 12 of the Dungeon)

   It affects your strength (+3).
   It affects your intelligence (+3).
   It protects you from cold.
   It protects you from negative energy.
 Y - the +5 scale mail of Hide-and-Seek (worn) {MR+ Int-3 Dex+6 SInv}
   (You found it on level 13 of the Dungeon)

   It affects your intelligence (-3).
   It affects your dexterity (+6).
   It affects your resistance to hostile enchantments.
   It lets you see invisible.
Jewellery
 b - a ring of protection from fire (right hand)
 e - an uncursed amulet of harm
 g - an uncursed ring of magical power
 n - an amulet of magic regeneration (around neck)
 F - an uncursed ring of resist corrosion
 L - a +3 ring of protection (left hand)
 V - an uncursed amulet of regeneration {unknown}
Wands
 d - a wand of slowing (12/48)
 j - a wand of confusion (17/48)
 p - a wand of paralysis (12/24)
 y - a wand of flame (14/48)
 B - a wand of disintegration (4/24)
 C - a wand of enslavement (11/24)
 D - a wand of paralysis (17/24)
 G - a wand of flame (28/48)
 M - a wand of polymorph (9/24)
Scrolls
 a - 2 scrolls of recharging
 m - 6 scrolls of remove curse
 s - 2 scrolls of teleportation {unknown}
 w - 3 scrolls of amnesia {unknown}
 H - a scroll of magic mapping {unknown}
 I - a scroll of silence
 Q - a scroll of acquirement {unknown}
 T - a scroll of vulnerability {unknown}
 X - a scroll of summoning {unknown}
Potions
 h - 2 potions of brilliance
 l - 5 potions of lignification
 o - a potion of agility
 q - a potion of ambrosia
 t - a potion of cure mutation {unknown}
 u - 2 potions of degeneration {unknown}
 v - a potion of invisibility {unknown}
 x - a potion of mutation
 z - 7 potions of curing
 E - 3 potions of flight {unknown}
 J - a potion of berserk rage {unknown}
Books
 U - a book of Frost

   Spells                             Type                      Level
   a - Freeze                         Ice                          1
   b - Throw Frost                    Conjuration/Ice              2
   c - Ozocubu's Armour               Charms/Ice                   3
   d - Throw Icicle                   Conjuration/Ice              4
   e - Summon Ice Beast               Ice/Summoning                4
Comestibles
 f - 7 bread rations
 i - 8 slices of pizza
 K - 2 meat rations
 P - a fruit
 W - a beef jerky


   Skills:
 + Level 10.5 Fighting
 + Level 15.9 Axes
 + Level 9.8 Armour
 + Level 4.8 Dodging
 - Level 0.6 Stealth
 + Level 14.1 Shields
 + Level 0.2 Invocations


You had 13 spell levels left.
You didn't know any spells.

Dungeon Overview and Level Annotations

Branches:
Dungeon (14/15)            Temple (0/1) D:5            Lair (0/6) D:9
    Orc (0/2) D:11         Vaults (0/5) D:13

Altars:
Elyvilon
Fedhas
Hepliaklqana
Nemelex Xobeh
Okawaru
Qazlal
Sif Muna
Uskayaw
Yredelemnul
Zin
The Shining One
Beogh

Shops:
D:6 }   D:8 *


Innate Abilities, Weirdness & Mutations

You are under a permanent stasis effect.
You can dig through walls and to a lower floor.
Your four strong arms can wield two-handed weapons with a shield.
You have a pair of large antennae on your head. (SInv)


Message History

Your scale mail of Hide-and-Seek prevents you from hitting the phantasmal warrior.
You slash the wraith! You burn the wraith.
You feel sick. You block the death knight's attack.
You block the phantasmal warrior's attack.
The red ugly thing engulfs you but does no damage.
The phantasmal warrior hits you!
* * * LOW HITPOINT WARNING * * *
The wraith completely misses you.
You open the death knight like a pillowcase!!!
You burn the death knight.
You kill the death knight!
Okawaru accepts your kill.
You barely miss the wraith. You slash the phantasmal warrior!
You burn the phantasmal warrior. You slice the phantasmal warrior!!
You burn the phantasmal warrior.
You destroy the phantasmal warrior!
Okawaru accepts your kill.
You slash the red ugly thing! You burn the red ugly thing.
You feel sick. The phantasmal warrior hits you!!
You die...

###.. .... ..##
#..### . #....#
.. #....## ..u
######.))).#....
##..WW..#.).....#
#...@)..#.....###
#...[u.##.#.###
#[.....##.#.#
#†#######.# # #.#
#.# #.# #.# #.#
#.# ... #.# ##.##
#.#


You could see a red ugly thing, a phantasmal warrior and a wraith.

Vanquished Creatures
  Kirke (D:13)
  5 hydras
  An ice dragon (D:13)
  A death knight (D:14)
  3 centaur warriors
  An ogre mage (D:11)
  2 tengu warriors
  2 unseen horrors
  A deep elf archer (D:13)
  A phantasmal warrior (D:14)
  3 deep elf magi
  5 hill giants
  A wolf spider zombie (D:14)
  9 ugly things
  A cyclops (D:12)
  3 manticores
  A guardian serpent (shapeshifter) (D:13)
  Joseph (D:9)
  2 gargoyles
  A freezing wraith (D:14)
  2 kobold demonologists
  7 trolls
  A harpy zombie (D:13)
  2 hornets
  4 two-headed ogres
  A meliai zombie (D:13)
  4 hippogriffs
  10 slime creatures
  A shadow (D:12)
  A wyvern (D:13)
  A wraith (D:10)
  5 hogs
  17 yaks
  A human (D:7)
  7 vampire mosquitoes
  Eustachio (D:5)
  4 hungry ghosts
  A steam dragon (D:12)
  A mottled dragon (D:11)
  2 hell hounds (D:9)
  A water moccasin (D:11)
  4 orc warriors
  3 sky beasts
  6 ice beasts
  2 necrophages
  11 ogres
  2 phantoms
  17 centaurs
  3 big kobolds
  Blork the orc (D:5)
  7 gnoll sergeants (D:11)
  6 bullfrogs
  5 scorpions
  10 killer bees
  15 wights
  A howler monkey (D:5)
  7 crimson imps
  5 hounds
  2 centaur zombies
  A bullfrog zombie (D:9)
  2 jellies
  5 orc priests
  6 orc wizards
  2 bullfrog skeletons
  4 centaur skeletons
  Jessica (D:9)
  3 iguanas
  10 worker ants
  9 big kobold zombies (Ossuary)
  A bullfrog simulacrum (D:9)
  A hound zombie (D:5)
  2 hound skeletons
  A mummy (Ossuary)
  2 worker ant zombies
  A howler monkey zombie (D:9)
  10 gnolls
  10 adders
  A howler monkey skeleton (D:5)
  6 shadow imps
  An ooze (D:5)
  An adder skeleton (D:9)
  2 worms
  2 dart slugs
  10 leopard geckos
  52 orcs
  3 spectral bats (Ossuary)
  2 giant cockroaches
  5 gnoll zombies
  11 goblins
  7 hobgoblins
  4 jackals (D:5)
  3 quokkas
  5 bats
  4 bat simulacra (Ossuary)
  5 frilled lizards
  4 goblin simulacra (Ossuary)
  5 goblin zombies (Ossuary)
  6 hobgoblin zombies (Ossuary)
  A jackal skeleton (D:4)
  9 kobolds
  A kobold simulacrum (Ossuary)
  6 kobold zombies (Ossuary)
  An orc zombie (Ossuary)
  A quokka zombie (D:5)
  5 rats
  3 rat simulacra (Ossuary)
  2 spectral goblins (Ossuary)
  5 spectral kobolds (Ossuary)
  5 spectral rats (Ossuary)
475 creatures vanquished.

Vanquished Creatures (others)
  2 humans (D:13)
2 creatures vanquished.

Grand Total: 477 creatures vanquished

Notes
Turn   | Place    | Note
-------+----------+-------------------------------------------
     0 | D:1      | loralnil the Formicid Fighter began the quest for the Orb.
     0 | D:1      | Reached XP level 1. HP: 18/18 MP: 1/1
   269 | D:1      | Reached XP level 2. HP: 21/24 MP: 2/2
   679 | D:2      | Found a hide-covered altar of Uskayaw.
   700 | D:2      | Reached XP level 3. HP: 24/29 MP: 3/3
   752 | D:2      | Found a blossoming altar of Fedhas.
   762 | D:2      | Found an iron altar of Okawaru.
   776 | D:2      | Became a worshipper of Warmaster Okawaru
   786 | D:2      | Reached XP level 4. HP: 15/37 MP: 4/4
   983 | D:2      | Reached skill level 1 in Dodging
  1000 | D:2      | Found a stormy altar of Qazlal.
  1242 | D:2      | Found a hazy altar of Hepliaklqana.
  1242 | D:2      | Found a sparkling altar of Nemelex Xobeh.
  1458 | D:3      | Reached XP level 5. HP: 42/42 MP: 5/5
  1459 | D:3      | Reached skill level 3 in Axes
  2007 | D:4      | Noticed a sky beast
  2029 | D:4      | Killed a sky beast
  2029 | D:4      | Reached * piety under Okawaru
  2029 | D:4      | Reached XP level 6. HP: 29/48 MP: 6/6
  2044 | D:4      | Reached skill level 4 in Axes
  2198 | D:4      | Found a glowing golden altar of the Shining One.
  2251 | D:4      | Found a sand-covered staircase.
  2260 | Ossuary  | Entered an ossuary
  2391 | Ossuary  | Reached XP level 7. HP: 52/54 MP: 7/7
  2407 | Ossuary  | Reached skill level 5 in Shields
  2535 | Ossuary  | Reached skill level 5 in Axes
  3115 | D:5      | Entered Level 5 of the Dungeon
  3143 | D:5      | Reached ** piety under Okawaru
  3391 | D:5      | Noticed Eustachio
  3410 | D:5      | Killed Eustachio
  3410 | D:5      | Reached XP level 8. HP: 26/61 MP: 8/8
  3696 | D:5      | Noticed Blork the orc
  3711 | D:5      | Killed Blork the orc
  3711 | D:5      | Reached skill level 6 in Axes
  3757 | D:5      | Found a staircase to the Ecumenical Temple.
  4088 | D:6      | Reached skill level 7 in Axes
  4088 | D:6      | Reached skill level 5 in Armour
  4238 | D:6      | Reached skill level 5 in Fighting
  4384 | D:6      | Reached XP level 9. HP: 58/68 MP: 9/9
  4451 | D:6      | Found Agirut's Gadget Boutique.
  4473 | D:6      | Reached *** piety under Okawaru
  4870 | D:6      | Found a glowing silver altar of Zin.
  4881 | D:6      | Reached skill level 8 in Axes
  5016 | D:7      | Found a white marble altar of Elyvilon.
  5335 | D:7      | Reached **** piety under Okawaru
  5578 | D:7      | Found a basalt altar of Yredelemnul.
  5632 | D:8      | Reached skill level 9 in Axes
  5632 | D:8      | Reached XP level 10. HP: 76/76 MP: 10/10
  5666 | D:8      | Found Foobo's General Store.
  5674 | D:8      | Bought a potion of mutation for 35 gold pieces
  5674 | D:8      | Bought a scroll of silence for 105 gold pieces
  6370 | D:8      | Found a roughly hewn altar of Beogh.
  7154 | D:9      | Reached skill level 10 in Axes
  7234 | D:9      | Found a staircase to the Lair.
  7517 | D:9      | Noticed Joseph
  7526 | D:9      | Killed Joseph
  7685 | D:9      | Reached ***** piety under Okawaru
  7755 | D:9      | Reached XP level 11. HP: 71/84 MP: 11/11
  7974 | D:9      | Reached skill level 11 in Axes
  8085 | D:9      | Noticed Jessica
  8093 | D:9      | Found a deep blue altar of Sif Muna.
  8106 | D:9      | Killed Jessica
  8162 | D:10     | Entered Level 10 of the Dungeon
  8756 | D:10     | Received a gift from Okawaru
  9274 | D:11     | Received a gift from Okawaru
  9294 | D:11     | Reached skill level 10 in Shields
  9302 | D:11     | Reached skill level 12 in Axes
  9378 | D:11     | Noticed an unseen horror
  9393 | D:11     | Killed an unseen horror
  9519 | D:11     | Reached XP level 12. HP: 93/93 MP: 12/12
  9610 | D:11     | Noticed an ogre mage
  9617 | D:11     | Killed an ogre mage
  9705 | D:11     | Found a staircase to the Orcish Mines.
  9754 | D:11     | Received a gift from Okawaru
  9760 | D:11     | Reached ****** piety under Okawaru
 10189 | D:11     | Reached skill level 13 in Axes
 11328 | D:12     | Received a gift from Okawaru
 11341 | D:12     | Got a pitted large shield {god gift}
 11352 | D:12     | Identified the +6 large shield "Yfupt" {rC+ rN+ Str+3 Int+3} (Okawaru gifted it to you on level 12 of the Dungeon)
 11779 | D:12     | Noticed a four-headed hydra
 11839 | D:12     | Reached XP level 13. HP: 78/101 MP: 13/13
 11844 | D:12     | Killed a one-headed hydra
 11856 | D:12     | Reached skill level 14 in Axes
 12270 | D:13     | Noticed a six-headed hydra
 12274 | D:13     | Killed a two-headed hydra
 12286 | D:13     | Noticed a centaur warrior
 12306 | D:13     | Killed a centaur warrior
 12619 | D:13     | Noticed Kirke
 12623 | D:13     | Killed Kirke
 12623 | D:13     | Received a gift from Okawaru
 12629 | D:13     | Reached skill level 15 in Axes
 12669 | D:13     | Got a bloodstained dagger
 12670 | D:13     | Identified the cursed +1 dagger of Fury {venom, MP-9 Int+6 Dex+4} (You found it on level 13 of the Dungeon)
 12753 | D:13     | Noticed a centaur warrior
 12764 | D:13     | Killed a centaur warrior
 12764 | D:13     | Received a gift from Okawaru
 12949 | D:13     | Found a gate to the Vaults.
 13010 | D:13     | Reached skill level 10 in Fighting
 13318 | D:13     | Noticed a five-headed hydra
 13322 | D:13     | Killed a three-headed hydra
 13322 | D:13     | Reached XP level 14. HP: 89/110 MP: 14/14
 13575 | D:13     | Received a gift from Okawaru
 13797 | D:13     | Got a jewelled scale mail
 13808 | D:13     | Identified the +5 scale mail of Hide-and-Seek {MR+ Int-3 Dex+6 SInv} (You found it on level 13 of the Dungeon)
 13904 | D:14     | Mangled by a phantasmal warrior

Skill      XL: |  1  2  3  4  5  6  7  8  9 10 11 12 13 14 |
---------------+-------------------------------------------+-----
Shields        | 4 5 6 7 8 10 11 13 14 | 14.1
Dodging        | 1 2 3 4 |  4.8
Fighting       | 4 5 7 8 9 10 | 10.5
Axes           | 3 4 5 7 9 10 12 13 15 | 15.9
Armour         | 4 5 6 7 8 9 |  9.8
Stealth        | |  0.6
Invocations    | |  0.2

Action                   |  1- 3 |  4- 6 |  7- 9 | 10-12 | 13-15 || total
-------------------------+-------+-------+-------+-------+-------++-------
Melee: War axe           |    84 |   173 |   185 |       |       ||   442
       Battleaxe         |       |       |   218 |   350 |       ||   568
       Executioner's axe |       |       |       |   204 |   230 ||   434
Invok: Heroism           |       |       |       |     1 |       ||     1
 Abil: Dig               |       |       |     1 |     1 |       ||     2
  Use: Scroll            |     4 |     4 |     2 |     5 |     4 ||    19
       Potion            |       |       |     3 |     2 |     3 ||     8
 Stab: Distracted        |       |       |       |       |     1 ||     1
  Eat: Chunk             |       |     5 |     6 |    12 |     5 ||    28
       Fruit             |       |       |     5 |     2 |     3 ||    10
       Beef jerky        |       |       |     1 |     5 |       ||     6
       Bread ration      |       |       |     2 |       |       ||     2
       Meat ration       |       |       |     1 |       |       ||     1
       Pizza             |       |       |       |     1 |       ||     1
Armor: Scale mail        |    44 |    59 |    98 |       |    22 ||   223
       Chain mail        |       |       |    45 |    43 |       ||    88
       Plate armour      |       |       |       |   181 |    98 ||   279
Dodge: Dodged            |    45 |    58 |   165 |   127 |    89 ||   484
Block: Shield            |    54 |    79 |   229 |    20 |       ||   382
       Large shield      |       |       |       |   571 |   414 ||   985
